 Dungeon Crawl Stone Soup version 0.22-a0-252-gcace5d2 (webtiles) character file.

16 Serpenta the Sneak (level 2, -2/22 HPs)
             Began as a Naga Wizard on Mar 2, 2018.
             Slain by a kobold
             ... wielding a +4 dagger
              (4 damage)
             ... on level 2 of the Dungeon.
             The game lasted 00:02:02 (921 turns).

Serpenta the Sneak (Naga Wizard)                     Turns: 921, Time: 00:02:03

Health: -2/22      AC:  1    Str:  9    XL:     2   Next: 54%
Magic:  3/6        EV: 10    Int: 18    God:
Gold:   42         SH:  0    Dex:  9    Spells: 4/7 levels left

rFire    + . .     SeeInvis +   j - +2 dagger (venom)
rCold    . . .     Gourm    .   (no shield)
rNeg     . . .     Faith    .   a - +0 robe
rPois    +         Spirit   .   b - +0 hat
rElec    .         Reflect  .   (no cloak)
rCorr    +         Harm     .   (no gloves)
MR       .....                  (no barding)
Stlth    ++........             (no amulet)
HPRegen  0.07/turn              i - ring of protection from fire
MPRegen  0.10/turn              e - ring of resist corrosion

@: short of breath, very slightly contaminated, very slow
A: large, see invisible, deformed body, poison resistance, slowness 2, slow
metabolism 1, spit poison 1, AC +0
a: Spit Poison


You were on level 2 of the Dungeon.
You were not hungry.

You visited 1 branch of the dungeon, and saw 2 of its levels.

You collected 42 gold pieces.


Innate Abilities, Weirdness & Mutations

You cannot wear boots.
Your serpentine skin is tough. (AC +0)
You have supernaturally acute eyesight. (SInv)
Armour fits poorly on your strangely shaped body.
Your system is resistant to poisons. (rPois)
You cover ground very slowly.
You have a slow metabolism.
You can spit poison.


   Skills:
 + Level 1.8 Dodging
 + Level 3.5 Stealth
 + Level 3.1 Spellcasting
 + Level 1.4 Conjurations
 - Level 1.0 Summonings
   Level 1.0 Translocations


You had 4 spell levels left.
You knew the following spells:

 Your Spells              Type           Power        Failure   Level  Hunger
A - Magic Dart            Conj           #...         9%          1    None
B - Call Imp              Summ           #.......     16%         2    ##.....

Action                   || total
-------------------------++-------
Melee: Dagger            ||    21
 Cast: Magic Dart        ||     7
 Abil: Spit Poison       ||     8
  Use: Scroll            ||     2
 Stab: Sleeping          ||     1
Armor: Robe              ||     2
Dodge: Dodged            ||    14

Inventory:

Hand Weapons
 j - a +2 dagger of venom (weapon)
Missiles
 k - 6 tomahawks (quivered)
Armour
 a - a +0 robe (worn)
 b - a +0 hat (worn)
Jewellery
 e - a ring of resist corrosion (right hand)
 i - a ring of protection from fire (left hand)
Scrolls
 c - 3 scrolls of remove curse
 g - a scroll of amnesia
 l - a scroll of fear {unknown}
 m - a scroll of magic mapping {unknown}
 o - a scroll of identify {unknown}
 p - a scroll of blinking {unknown}
Potions
 f - a potion of lignification {unknown}
 h - 3 potions of curing {unknown}
 n - a potion of resistance {unknown}
 q - a potion of brilliance {unknown}
Comestibles
 d - 3 rations

#..#####.####.....#
#....(...# #....##
#.######.# #......
#.## #.# #######
###.#.#####.#
..###...##.#
###.#.##.#
##.####.###.#
#.......@K..#
..)......##..#
###########......hh
##.##.### .# # .#
##


You could see a kobold.

Vanquished Creatures
  A giant cockroach (D:1)
  2 goblins
  3 hobgoblins (D:1)
  3 jackals (D:2)
  A kobold (D:1)
  A frilled lizard (D:1)
  2 rats (D:1)
13 creatures vanquished.

Vault maps used:
D:1:      nicolae_arrival_memento_mori
D:2:      nemelex_xobeh_ov_fountains_minmay, lemuel_round_altar, minmay_bisected


Message History

Aim: a jackal (almost dead)
You miscast Magic Dart.
You are very lightly contaminated with residual magic.
Nothing appears to happen.
The jackal bites you.
Casting: Magic Dart (safe; 9% risk of failure)
Confirm with . or Enter, or press ? or * to list all spells.
Aiming: Magic Dart (safe; 9% risk of failure)
Press: ? - help, Shift-Dir - straight line, f/p - jackal
Aim: a jackal (almost dead)
The magic dart hits the jackal.
You kill the jackal!
You hit the kobold.
The kobold is moderately wounded.
The kobold hits you with an enchanted dagger.
* * * LOW HITPOINT WARNING * * *
Press: ? - help, Shift-Dir - straight line, f - kobold
Aim: a kobold, wielding an enchanted dagger (moderately wounded)
The splash of poison misses the kobold.
You feel slightly more hungry.
The kobold hits you with an enchanted dagger.
You die...

Notes
Turn   | Place    | Note
-------+----------+-------------------------------------------
     0 | D:1      | Serpenta the Naga Wizard began the quest for the Orb.
     0 | D:1      | Reached XP level 1. HP: 15/15 MP: 4/4
   362 | D:1      | Reached XP level 2. HP: 22/22 MP: 6/6
   366 | D:1      | Learned a level 2 spell: Call Imp
   921 | D:2      | Slain by a kobold
